 Dungeon Crawl Stone Soup version 0.25-a0-857-g60a0bcd8b5 (webtiles) character file.

Game seed: 4911783164812505547, levelgen mode: deterministic

2160 tilp the Poker (level 9, -17/52 HPs)
             Began as a Kobold Arcane Marksman on Apr 26, 2020.
             Demolished by an ogre
             ... wielding a +0 giant club
              (29 damage)
             ... on level 6 of the Dungeon.
             The game lasted 00:24:21 (9816 turns).

tilp the Poker (Kobold Arcane Marksman)             Turns: 9816, Time: 00:24:22

Health: -17/52     AC:  4    Str: 10    XL:     9   Next: 57%
Magic:  12/12      EV: 15    Int: 14    God:
Gold:   401        SH:  0    Dex: 16    Spells: 6/12 levels left

rFire    . . .     SeeInvis .   b - +10 trident "Ziradd" {vamp, +Inv}
rCold    . . .     Gourm    .   (shield currently unavailable)
rNeg     . . .     Faith    .   p - +0 leather armour
rPois    .         Spirit   .   (no helmet)
rElec    .         Reflect  .   s - +0 cloak
rCorr    .         Harm     .   (no gloves)
MR       .....                  (no boots)
Stlth    +.........             (no amulet)
HPRegen  0.17/turn              (no ring)
MPRegen  0.13/turn              (no ring)

@: no status effects
A: small, carnivore
a: Evoke Invisibility


You were on level 6 of the Dungeon.
You were completely stuffed.

You visited 1 branch of the dungeon, and saw 7 of its levels.
You also visited: Sewer.

You collected 401 gold pieces.

Inventory:

Hand Weapons
 a - a +0 hand crossbow
 b - the +10 trident "Ziradd" (weapon) {vamp, +Inv}
   (You found it on level 4 of the Dungeon)

   It inflicts no extra harm, but heals its wielder when it wounds a living foe.
   It lets you turn invisible.
 x - a +1 flail of protection
 B - the +6 whip of the Apocalypse {flame, Int+7}
   (You found it on level 5 of the Dungeon)

   It has been specially enchanted to burn those struck by it, causing extra
   injury to most foes and up to half again as much damage against particularly
   susceptible opponents.
   It affects your intelligence (+7).
Missiles
 d - 5 bolts
 r - a throwing net (quivered)
 w - 3 boomerangs
Armour
 k - a scarf of repulsion
 p - a +0 leather armour (worn)
 s - a +0 cloak (worn)
Magical Staves
 t - an uncursed staff of conjuration
Jewellery
 q - an uncursed ring of ice
 v - the ring "Zewneem" {+Inv MP-9 Int+10 Stlth+}
   (You took it off a kobold on level 3 of the Dungeon)

   [ring of stealth]

   It affects your intelligence (+10).
   It affects your magic capacity (-9).
   It lets you turn invisible.
   It makes you more stealthy.
Wands
 z - a wand of iceblast (2)
 D - a wand of disintegration (13)
Scrolls
 f - 8 scrolls of teleportation
 h - a scroll of remove curse
 j - a scroll of noise {unknown}
 l - a scroll of fear
 o - 3 scrolls of amnesia
 y - a scroll of blinking
 C - a scroll of fog {unknown}
Potions
 e - a potion of magic {unknown}
 g - 7 potions of curing
 i - a potion of haste
 m - 3 potions of stabbing
 n - a potion of lignification
 A - 2 potions of might
Comestibles
 c - 7 rations
 E - 5 chunks of flesh


   Skills:
 - Level 4.0 Fighting
 + Level 6.8 Polearms
 - Level 6.0 Crossbows
 - Level 2.4 Dodging
 - Level 2.0 Spellcasting
 - Level 6.0 Hexes
 - Level 4.0 Evocations


You had 6 spell levels left.
You knew the following spells:

 Your Spells              Type           Power        Failure   Level  Hunger
a - Corona                Hex            ###....      2%          1    ##.....
b - Slow                  Hex            ###.....     4%          2    ###....
c - Portal Projectile     Hex/Tloc       #.....       28%         3    ####...

Your spell library contained the following spells:

 Spells                   Type           Power        Failure   Level  Hunger
 Cause Fear               Hex            ###.......   26%         4    #####..
 Inner Flame              Hex/Fire       #.......     28%         3    ####...
 Beastly Appendage        Tmut           #.....       32%         1    ##.....
 Sticks to Snakes         Tmut           #.......     43%         2    ###....
 Spider Form              Tmut/Pois      #.........   67%         3    ####...
 Leda's Liquefaction      Hex/Erth       #.........   67%         4    #####..
 Ice Form                 Ice/Tmut       #.......     97%         4    #####..
 Blade Hands              Tmut           #.........   100%        5    ######.


Dungeon Overview and Level Annotations

Branches:
Dungeon (7/15)             Temple (0/1) D:7           Sewer (visited)

Altars:
Kikubaaqudgha
Trog

Annotations:
D:2 Sigmund
D:7 Harold


Innate Abilities, Weirdness & Mutations

You are small and have problems with some larger weapons.
You are carnivorous and can eat meat at any time.


Message History

You barely miss the ogre.
The ogre is moderately wounded.
The ogre hits you with a +0 giant club!
You hit the ogre.
The ogre is heavily wounded.
The ogre misses you.
You climb upwards.
There is a stone staircase leading down here.
You puncture the ogre!
You feel better.
The ogre is severely wounded.
The ogre hits you with a +0 giant club!
You barely miss the ogre.
The ogre is severely wounded.
The ogre hits you with a +0 giant club!!
* * * LOW HITPOINT WARNING * * *
You hit the ogre.
The ogre is almost dead.
The ogre hits you with a +0 giant club!!
Ouch! That really hurt!
You die...

#................................
...............................##
.....................####......#.
.....................## #........
#.....##........).....###...#..#.
...#........................#..##
#..#.##.............##.#)...#)..)
.....###.#.##......#.#......#....
.#..#.####.###..@..#..>..#..#####
......# ##.###.O...#....##.......
......# #..##.....###...#....<...
......# #...##....####.###.......
#.##..####.........#....##.......
#####...##....#..................
#.........#............##....
##........####........##..#..
#..........##........#.#.#..


You could see an ogre.

Vanquished Creatures
  Prince Ribbit (D:7)
  An ice beast (D:7)
  2 eyes of draining (D:4)
  2 ogres (D:4)
  A centaur (D:7)
  2 bullfrogs (D:6)
  A scorpion (D:5)
  A water moccasin skeleton (D:6)
  3 howler monkeys
  2 crimson imps (D:5)
  2 hounds
  An orc priest (D:6)
  2 orc wizards
  2 gnoll shamans (D:4)
  2 worker ants (D:5)
  A worker ant zombie (D:5)
  10 adders
  48 gnolls
  2 shadow imps
  3 oozes
  An adder zombie (D:7)
  2 adder skeletons (D:6)
  3 worms
  5 dart slugs
  2 leopard geckos
  27 orcs
  10 bats
  8 giant cockroaches
  8 goblins
  12 hobgoblins
  27 jackals
  5 kobolds
  5 quokkas
  4 ball pythons
  9 frilled lizards
  2 quokka skeletons
  8 rats
227 creatures vanquished.

Vanquished Creatures (others)
  A plant (D:2)
1 creature vanquished.

Grand Total: 228 creatures vanquished

Notes
Turn   | Place    | Note
-------+----------+-------------------------------------------
     0 | D:1      | tilp the Kobold Arcane Marksman began the quest for the
                  | Orb.
     0 | D:1      | Reached XP level 1. HP: 12/12 MP: 2/2
   279 | D:1      | Reached XP level 2. HP: 15/16 MP: 1/3
   284 | D:1      | Learned a level 2 spell: Slow
  1066 | D:1      | Reached XP level 3. HP: 10/20 MP: 0/4
  1915 | D:2      | Noticed Sigmund
  1946 | D:1      | Reached XP level 4. HP: 25/25 MP: 5/5
  2025 | D:2      | Reached skill level 5 in Crossbows
  4200 | D:3      | Reached XP level 5. HP: 29/29 MP: 6/6
  4848 | D:3      | Identified the ring "Zewneem" {+Inv MP-9 Int+10 Stlth+}
  5101 | D:3      | Learned a level 3 spell: Portal Projectile
  5335 | D:4      | Noticed an ogre
  5340 | D:4      | Killed an ogre
  5340 | D:4      | Reached XP level 6. HP: 38/38 MP: 4/7
  5513 | D:4      | Noticed an eye of draining
  5513 | D:4      | Noticed an ogre
  5544 | D:4      | Killed an eye of draining
  5589 | D:4      | Killed an ogre
  5589 | D:4      | Reached XP level 7. HP: 14/43 MP: 3/10
  5838 | D:4      | Reached skill level 5 in Hexes
  5839 | D:4      | Found a bloodstained altar of Trog.
  5995 | D:4      | Got an encrusted trident
  5996 | D:4      | Identified the +10 trident "Ziradd" {vamp, +Inv} (You found
                  | it on level 4 of the Dungeon)
  6703 | D:4      | Reached skill level 1 in Evocations
  6732 | D:4      | Reached XP level 8. HP: 46/48 MP: 11/11
  7459 | D:4      | Reached skill level 1 in Polearms
  7956 | D:5      | Entered Level 5 of the Dungeon
  8076 | D:5      | Found a glowing drain.
  8111 | Sewer    | Entered a sewer
  8494 | D:5      | Got an iridescent whip
  8784 | D:5      | Reached XP level 9. HP: 52/52 MP: 12/12
  8790 | D:5      | Identified the +6 whip of the Apocalypse {flame, Int+7}
                  | (You found it on level 5 of the Dungeon)
  8897 | D:6      | Reached skill level 5 in Polearms
  8937 | D:6      | Found an ancient bone altar of Kikubaaqudgha.
  8971 | D:6      | HP: 1/52 [gnoll/+0 flail (10)]
  9745 | D:7      | Noticed Prince Ribbit
  9762 | D:7      | Killed Prince Ribbit
  9778 | D:7      | Found a staircase to the Ecumenical Temple.
  9778 | D:7      | Noticed Harold
  9816 | D:6      | Demolished by an ogre

Levels and vault maps discovered:
D:1:      erik_arrival_cave_to_civilisation [erik_arrival_cave_to_hall],
          layout_loops_ring
D:2:      layout_loops_cross, kennysheep_boxes, uniq_sigmund
D:3:      minmay_octagon_keep, layout_loops_corners, serial_bayou,
          serial_bayou_shore_b, serial_bayou_pond_e, serial_bayou_pond_a,
          serial_bayou_pond_b
D:4:      lemuel_castle_with_subvaults [lemuel_castle_interior_original],
          layout_loops_cross, first_ration, trog_eyes_of_draining
D:5:      minmay_angry_zag, layout_rooms, gup_sewer_entry_glass
D:6:      layout_cave_pools, nicolae_overflow_crystal_walls
D:7:      minmay_the_grid_octo_tiled_squarecenter [minmay_the_grid_octo_focus,
          minmay_the_grid_octo_teeth, minmay_the_grid_octo_77,
          minmay_the_grid_octo_horde, minmay_the_grid_square_5x5_megaprize_open,
          minmay_the_grid_square_5x5_minivault, minmay_the_grid_square_5x5_z,
          minmay_the_grid_square_5x5_inner_i, minmay_the_grid_square_5x5_three],
          layout_loops_cross, minmay_temple_entry_junction, grunt_livestock,
          uniq_prince_ribbit1, uniq_maggie, uniq_harold

Skill      XL: |  1  2  3  4  5  6  7  8  9 |
---------------+----------------------------+-----
Crossbows      | 3 4 5 6 |  6.0
Fighting       | 4 |  4.0
Spellcasting   | 2 |  2.0
Hexes          | 4 6 |  6.0
Evocations     | 1 4 |  4.0
Polearms       | 4 6 |  6.8
Dodging        | |  2.4

Action                   |  1- 3 |  4- 6 |  7- 9 || total
-------------------------+-------+-------+-------++-------
Melee: Dagger            |   125 |       |       ||   125
       Mace              |       |    46 |       ||    46
       Flail             |       |   106 |     2 ||   108
       Trident           |       |       |   393 ||   393
 Fire: Hand crossbow     |    39 |    54 |    12 ||   105
Throw: Dart              |       |     8 |    23 ||    31
       Boomerang         |       |     1 |       ||     1
       Throwing net      |       |       |     1 ||     1
 Cast: Corona            |    15 |     5 |     1 ||    21
       Slow              |       |     1 |       ||     1
  Use: Scroll            |     4 |     3 |     8 ||    15
       Potion            |       |       |     2 ||     2
 Stab: Sleeping          |     1 |       |       ||     1
  Eat: Chunk             |    12 |    12 |    14 ||    38
Armor: Robe              |    20 |     4 |       ||    24
       Leather armour    |       |    31 |    77 ||   108
Dodge: Dodged            |   139 |   149 |   314 ||   602
       Repelled          |     1 |     4 |       ||     5

Table legend:
 A = Non-vault XP
 B = Vault XP
 C = Vault XP percentage of total XP
 D = Non-vault monster count
 E = Vault monster count
 F = Vault count percentage of total count
                 A         B        C        D         E       F
            +---------+---------+-------+---------+---------+-------
      Total |    1634 |    1453 |  47.1 |     123 |     104 |  45.8
            +---------+---------+-------+---------+---------+-------
        D:1 |      56 |       4 |   6.7 |      20 |       2 |   9.1
        D:2 |      39 |       0 |   0.0 |      15 |       0 |   0.0
        D:3 |      64 |      55 |  46.2 |      25 |      19 |  43.2
        D:4 |     303 |     946 |  75.7 |      21 |      62 |  74.7
        D:5 |     354 |     140 |  28.3 |      22 |      10 |  31.2
        D:6 |     569 |       0 |   0.0 |      17 |       0 |   0.0
        D:7 |     249 |     274 |  52.4 |       3 |       2 |  40.0
      Sewer |       0 |      34 | 100.0 |       0 |       9 | 100.0
            +---------+---------+-------+---------+---------+-------
